 Dungeon Crawl Stone Soup version 0.30.0-10-gfe55d96785 (webtiles) character file.

Game seed: 15892855769270897032

889006 SnakkuSnakku7 the Bringer of Law (level 27, -2/156 HPs)
             Began as a Vine Stalker Venom Mage on May 14, 2023.
             Was the Champion of Zin.
             Drowned by a water elemental (5 damage)
             ... summoned by an elemental wellspring
             ... on level 7 of Cocytus.
             The game lasted 02:24:58 (56611 turns).

SnakkuSnakku7 the Bringer of Law (VSVM)            Turns: 56611, Time: 02:24:59

Health: -2/156     AC: 49    Str: 25    XL:     27
Magic:  0/41       EV: 17    Int: 18    God:    Zin [******]
Gold:   8195       SH:  9    Dex: 25    Spells: 29/42 levels left

rFire   + .          .
                       - Unarmed
rCold   + + +        k - +1 buckler {rC+ rF+}
rNeg    . . .        S - +11 crystal plate armour {rC+}
rPois   +            J - +2 helmet
rElec   +            r - +2 cloak {Will+}
rCorr   .            A - +2 pair of gloves of Julu {Str-2 Dex+6}
SInv    .            Q - +2 pair of boots {Fly}
Will    ++++.        j - amulet of Vearghyuc {rC+ Regen+ Str+3 Dex+3} Stlth
                     U - ring "Ihoo" {EV+5 Int+3}
HPRegen 2.06/turn    i - ring of the Voracious God {rElec rPois Slay+2}
MPRegen 0.27/turn

%: guardian spirit
@: engulfed (cannot breathe), flying, studying Dodging, unable to drink
A: fangs 3, regeneration 1, magic shield, antimagic bite, no potion heal 2
}: 11/15 runes: decaying, serpentine, slimy, silver, obsidian, abyssal, demonic,
glowing, magical, fiery, dark
a: Renounce Religion, Recite, Vitalisation, Imprison, Sanctuary, Donate Gold


You were on level 7 of Cocytus.
You worshipped Zin.
Zin was exalted by your worship.
You visited 14 branches of the dungeon, and saw 66 of its levels.
You visited Pandemonium 1 time, and saw 22 of its levels.
You visited the Abyss 1 time.
You also visited: Trove, Bailey, Gauntlet and Ice Cave.

You collected 10556 gold pieces.
You spent 1863 gold pieces at shops.
You donated 498 gold pieces to Zin.

Inventory:

Missiles
 q - 4 throwing nets
 D - 25 curare-tipped darts
Armour
 k - a +1 buckler of resistance (worn)
 r - a +2 cloak of willpower (worn)
 A - the +2 pair of gloves of Julu (worn) {Str-2 Dex+6}
   (You found it in a Gauntlet)

   Str:       It affects your strength (-2).
   Dex:       It affects your dexterity (+6).
 J - a +2 helmet (worn)
 Q - a +2 pair of boots of flying (worn)
 R - a +2 kite shield of positive energy
 S - a +11 crystal plate armour of cold resistance (worn)
 V - the +3 Mad Mage's Maulers {Infuse+∞ VampMP -Cast}
   (You found it on level 3 of the Depths)

   Infuse+∞: It empowers its wearer's blows with all of their magic.
   VampMP:    Blows struck in melee replenish the wearer's magic.
   -Cast:     It prevents spellcasting.
Jewellery
 a - the ring of Paphulej {rC+ rN+ AC+4}
   (You found it on level 1 of the Depths)

   [ring of protection]

   AC:        It affects your AC (+4).
   rC:        It protects you from cold.
   rN:        It protects you from negative energy.
 e - a ring of willpower
 i - the ring of the Voracious God (right hand) {rElec rPois Slay+2}
   (You found it on level 3 of the Crypt)

   [ring of poison resistance]

   Slay:      It affects your accuracy & damage with ranged weapons and melee
   (+2).
   rElec:     It insulates you from electricity.
   rPois:     It protects you from poison.
 j - the amulet of Vearghyuc (around neck) {rC+ Regen+ Str+3 Dex+3}
   (You found it on level 2 of the Swamp)

   [amulet of regeneration]

   Str:       It affects your strength (+3).
   Dex:       It affects your dexterity (+3).
   rC:        It protects you from cold.
   Regen:     It increases your rate of health regeneration.
 w - a ring of protection from fire
 y - the ring of Xiovuzad {Wiz +Blink rPois MP+9 Dex-2}
   (You bought it in a shop on level 2 of the Orcish Mines)

   [ring of wizardry]

   It improves your spell success rate.
   Dex:       It affects your dexterity (-2).
   rPois:     It protects you from poison.
   MP:        It affects your magic capacity (+9).
   +Blink:    It lets you blink.
 H - a +4 ring of protection
 I - a ring of protection from fire
 U - the ring "Ihoo" (left hand) {EV+5 Int+3}
   (You took it off a deep elf death mage on level 3 of the Elven Halls)

   [ring of evasion]

   EV:        It affects your evasion (+5).
   Int:       It affects your intelligence (+3).
Wands
 f - a wand of roots (49)
 s - a wand of digging (17)
 C - a wand of charming (78)
 E - a wand of mindburst (36)
 F - a wand of flame (183)
 K - a wand of quicksilver (39)
Scrolls
 c - 19 scrolls of teleportation
 g - 8 scrolls of poison
 n - 6 scrolls of fear
 t - 12 scrolls of magic mapping
 B - 7 scrolls of fog
 M - 4 scrolls of silence
Potions
 b - 3 potions of magic
 h - 27 potions of curing
 m - 6 potions of might
 o - 7 potions of ambrosia
 u - 6 potions of haste
 v - 10 potions of attraction
 x - 8 potions of invisibility
 z - a potion of cancellation
 G - 6 potions of brilliance
 L - 2 potions of resistance
 O - a potion of berserk rage
Miscellaneous
 p - a phial of floods
 T - a lightning rod (4/4)


   Skills:
 + Level 20.0 Fighting
 - Level 15.0 Armour
 - Level 10.0 Dodging
 - Level 2.4 Stealth
 - Level 12.0 Shields
 O Level 27 Unarmed Combat
 - Level 8.0 Spellcasting
 - Level 10.0 Translocations
 - Level 1.0 Transmutations
 - Level 9.9 Poison Magic
 O Level 27 Invocations
 - Level 13.8 Evocations


You had 29 spell levels left.
You knew the following spells:

 Your Spells              Type           Power      Damage    Failure   Level
a - Passage of Golubria   Tloc           43%        N/A       41%         4
b - Blink                 Tloc           86%        N/A       7%          2
c - Poisonous Vapours     Pois/Air       50%        N/A       50%         2
g - Apportation           Tloc           86%        N/A       4%          1
z - Olgreb's Toxic Radia  Pois           42%        N/A       43%         4

Your spell library contained the following spells:

 Spells                   Type           Power      Damage    Failure   Level
 Sting                    Tmut/Pois      100%       1d8       30%         1
 Manifold Assault         Tloc           43%        N/A       41%         4
 Momentum Strike          Conj/Tloc      50%        3d9       47%         2
 Spider Form              Tmut/Pois      26%        N/A       65%         3
 Vhi's Electric Charge    Tloc/Air       50%        N/A       71%         3
 Volatile Blastmotes      Fire/Tloc      50%        2d14      71%         3
 Cigotuvi's Dreadful Rot  Necr/Pois/Air  38%        N/A       73%         2
 Ignite Poison            Fire/Tmut/Pois 20%        N/A       88%         3
 Mephitic Cloud           Conj/Pois/Air  19%        N/A       91%         3
 Freeze                   Ice            28%        1d5       95%         1
 Magic Dart               Conj           28%        1d4       95%         1
 Necrotise                Necr           28%        1d5       95%         1
 Shock                    Conj/Air       28%        1d4       95%         1
 Summon Small Mammal      Summ           28%        N/A       95%         1
 Wereblood                Tmut           10%        N/A       95%         2
 Iskenderun's Mystic Bla  Conj/Tloc      25%        2d7       98%         4
 Call Imp                 Summ           14%        N/A       99%         2
 Ensorcelled Hibernation  Hex/Ice        14%        N/A       99%         2
 Searing Ray              Conj           14%        2d5       99%         2
 Static Discharge         Conj/Air       14%        2-3/arc   99%         2
 Sublimation of Blood     Necr           7%         N/A       99%         2
 Call Canine Familiar     Summ           7%         N/A       100%        3
 Confusing Touch          Hex            7%         N/A       100%        3
 Dazzling Flash           Conj/Hex       14%        N/A       100%        3
 Frozen Ramparts          Ice            14%        1d3       100%        3
 Hailstorm                Conj/Ice       7%         3d4       100%        3
 Inner Flame              Hex/Fire       7%         N/A       100%        3
 Ozocubu's Armour         Ice            7%         N/A       100%        3
 Summon Guardian Golem    Hex/Summ       7%         N/A       100%        3
 Swiftness                Air            7%         N/A       100%        3
 Airstrike                Air            3%         2d(1-17)  100%        4
 Anguish                  Hex/Necr       3%         N/A       100%        4
 Animate Armour           Summ/Erth      14%        N/A       100%        4
 Animate Dead             Necr           7%         N/A       100%        4
 Dispel Undead            Necr           7%         3d8       100%        4
 Fulminant Prism          Conj/Hex       3%         3d5       100%        4
 Leda's Liquefaction      Hex/Erth       3%         N/A       100%        4
 Petrify                  Tmut/Erth      9%         N/A       100%        4
 Sticky Flame             Conj/Fire      7%         2d3       100%        4
 Summon Lightning Spire   Summ/Air       7%         N/A       100%        4
 Arcjolt                  Conj/Air       3%         1d13      100%        5
 Fireball                 Conj/Fire      3%         3d4       100%        5
 Freezing Cloud           Conj/Ice/Air   3%         6-21      100%        5
 Irradiate                Conj/Tmut      4%         3d13      100%        5
 Iskenderun's Battlesphe  Conj           7%         2d6       100%        5
 Lee's Rapid Deconstruct  Erth           3%         3d5*      100%        5
 Metabolic Englaciation   Hex/Ice        3%         N/A       100%        5
 Silence                  Hex/Air        3%         N/A       100%        5
 Summon Forest            Summ/Tloc      12%        N/A       100%        5
 Conjure Ball Lightning   Conj/Air       3%         3x3d6     100%        6
 Death Channel            Necr           3%         N/A       100%        6
 Dispersal                Tloc           21%        N/A       100%        6
 Iron Shot                Conj/Erth      3%         9d2       100%        6
 Plasma Beam              Fire/Air       3%         2x1d15    100%        6
 Simulacrum               Ice/Necr       3%         N/A       100%        6
 Starburst                Conj/Fire      3%         6d3       100%        6
 Statue Form              Tmut/Erth      6%         N/A       100%        6
 Summon Cactus Giant      Summ           3%         N/A       100%        6
 Malign Gateway           Summ/Tloc      12%        N/A       100%        7
 Orb of Destruction       Conj           3%         9d5       100%        7
 Ozocubu's Refrigeration  Ice            3%         4d8       100%        7
 Spellforged Servitor     Conj/Summ      3%         N/A       100%        7
 Storm Form               Tmut/Air       4%         N/A       100%        7
 Summon Hydra             Summ           3%         N/A       100%        7
 Disjunction              Tloc           21%        N/A       100%        8
 Ignition                 Fire           3%         3d4       100%        8
 Lehudib's Crystal Spear  Conj/Erth      3%         10d3      100%        8
 Maxwell's Capacitive Co  Air            3%         ∞         100%        8


Dungeon Overview and Level Annotations

Branches:
Dungeon (15/15)            Temple (1/1) D:5            Lair (5/5) D:11
  Swamp (4/4) Lair:2        Snake (4/4) Lair:3        Slime (5/5) Lair:5
    Orc (2/2) D:11            Elf (3/3) Orc:2        Vaults (5/5) D:14
  Crypt (3/3) Vaults:3       Tomb (0/3) Crypt:3      Depths (4/4) D:15
   Hell (visited)             Dis (0/7) Hell            Geh (7/7) Hell
    Coc (7/7) Hell            Tar (0/7) Hell            Zot (0/5) Depths:4
 Bailey (visited)           IceCv (visited)         Gauntlet (visited)

Altars:
Ashenzari
Cheibriados
Dithmenos
Elyvilon
Fedhas
Gozag
Hepliaklqana
Kikubaaqudgha
Makhleb
Nemelex Xobeh
Okawaru
Qazlal
Ru
Sif Muna
Trog
Uskayaw
Vehumet
Wu Jian
Xom
Yredelemnul
Zin
The Shining One
Jiyva

Shops:
D:10 !   D:11 (   D:13 *   Orc:2 ([*=   Elf:1 *   Elf:2 [   Elf:3 [:
Snake:2 :*   Depths:1 =::   Depths:2 ?(   Depths:3 ?   Depths:4 :

Portals:
Hell: Depths:1 Depths:2 Depths:3 Depths:4
Abyss: Depths:3 Depths:4
Pandemonium: Depths:1 Depths:2
Ziggurat: Depths:3

Annotations:
Swamp:3 1 runed translucent door, Qemahefa's ghost, adept GrFi
Snake:1 Roxanne
Snake:2 Vashnia
Elf:2 3 runed translucent doors
Depths:2 2 transporters, exclusion: obsidian statue


Innate Abilities, Weirdness & Mutations

You have razor-sharp teeth.
Your natural rate of healing is unusually fast.
When hurt, damage is shared between your health and your magic reserves.
Your bite disrupts and absorbs the magic of your enemies.
Potions cannot restore your health.


Message History

Unknown command.
Unknown command.
You punch the water elemental! You bite the water elemental.
You destroy the water elemental!
The water elemental disappears in a puff of smoke!
The water engulfing you falls away.
You gasp with relief as air once again reaches your lungs.
The water elemental hits you.
The water elemental engulfs you in water!
A juggernaut simulacrum comes into view.
Unknown command.
The water elemental attacks as you move away!
The water elemental misses you.
The water elemental attacks as you move away!
You block the water elemental's attack.
You slip free of the water engulfing you.
You gasp with relief as air once again reaches your lungs.
The water elemental misses you. The water elemental barely misses you.
The Ice Fiend calls on the powers of darkness!
Your body is wracked with pain!
* * * LOW HITPOINT WARNING * * *
Water spirits pour forth from the elemental wellspring!
The water elemental misses you.
Unknown command.
The water elemental disappears in a puff of smoke! x2
The Ice Fiend calls on the powers of darkness!
Your body is wracked with pain!
* * * LOW HITPOINT WARNING * * *
A torrent of water rises up through the elemental wellspring!
The torrent of water passes through the water elemental.
You block the torrent of water.
The wave splashes down.
The water elemental hits you.
* * * LOW HITPOINT WARNING * * *
The water elemental engulfs you in water!
You block the water elemental's attack. The water elemental misses you.
You hear a screech! x4; You hear a roar!
You hear a screech! x4
Unknown command.
You reach down and open the door.
A wendigo and a shard shrike come into view.
You die...

~~≈≈.≈≈≈≈≈≈≈≈≈≈≈≈≈≈≈≈~~~~~~,~~~~~
~~≈≈≈≈≈≈≈≈≈≈≈≈≈≈≈≈≈≈≈≈≈≈~~,,,~~~~
~~≈≈≈≈≈≈≈.........≈≈≈≈≈~~,,,,~~~~
~~≈≈≈E≈≈......~.....≈≈~~~~~~~~~~~
~~≈≈≈~~..,###'###,,.≈~R≈~~~~~~~~~
~~~R~~.Z.##~~E~.##...~≈b~~~~~~~~~
~~~≈≈≈..R#~~~~~~.#...≈≈≈~~~~~~~~~
~~≈≈≈≈.~~Z~~~~~E^'...≈≈≈~~~~~~~~~
~~≈≈≈≈~~~#1~~EEE@#,,,~~~~~~~~~~~~
~~≈≈≈≈E~~##~~EEE##,,,~~~~~~~~~~~~
~~≈≈≈≈≈.E,###Z###,,,~~~~~~~~~~~~~
~~≈≈≈≈≈≈~,,...,,,,,,~~~~~~~~~~~~~
~~≈≈≈≈≈≈≈≈....,,,,~~~~~~~~~~~~~~~
~~≈≈≈≈≈≈≈≈≈≈≈≈~~~~~~~~~~~~~~~~~~~
,,≈≈≈≈≈≈≈≈≈≈≈≈~~~~~~~~~~~~~~,,,,~
,,,~~~~≈≈≈≈≈≈≈~~~~~~~~~~~~~~,,,,,
~~~~~~~≈≈≈≈≈≈≈~~~~~~~~~~~,,,,~~~~


You could see a shard shrike (wandering), an Ice Fiend, a wendigo (wandering), 2
elemental wellsprings, 6 water elementals, a caustic shrike simulacrum and a
juggernaut simulacrum.

Vanquished Creatures
  Asmodeus (Geh:7)
  the Royal Jelly (Slime:5)
  Gloorx Vloq (Pan)
  Lom Lobon (Pan)
  Mnoleg (Pan)
  the Serpent of Hell (Geh:7)
  A pandemonium lord (Pan)
  4 dread liches
  6 ancient liches
  Mara (Vaults:4)
  A juggernaut (Depths:4)
  Saint Roka (Orc:2)
  Geryon (Hell)
  5 caustic shrikes (Depths:4)
  2 golden dragons (Vaults:5)
  Nikola (Vaults:1)
  Jory (Crypt:2)
  The ghost of AlmostDecent the Conqueror, a veteran GrHu of Ashenzari (Elf:3)
  5 bone dragons
  8 Brimstone Fiends
  Jorgrun (D:15)
  5 hellephants
  13 tentacled monstrosities
  A tainted leviathan (Hell)
  5 Ice Fiends
  A Hell Sentinel (Abyss:4)
  5 deep elf blademasters
  6 liches
  A walking divine tome (Depths:4)
  2 deep elf master archers (Elf:3)
  13 titans
  14 acid blobs
  13 Executioners (Pan)
  4 sphinxes
  15 searing wretches
  Frances (Swamp:2)
  4 tentacled starspawn
  6 ancient champions
  Kirke (Lair:4)
  6 shadow dragons
  5 storm dragons
  3 thorn hunters
  Agnes (D:15)
  8 rockslimes
  Donald (Swamp:1)
  7 azure jellies
  4 nagarajas
  9 tengu reavers
  A fenstrider witch (Pan)
  3 revenants
  A daeva (Abyss:4)
  3 demonspawn warmongers (Pan)
  9 narguns
  23 fire giants
  11 deep elf sorcerers
  4 iron dragons
  27 balrugs
  13 vault wardens
  Aizul (Swamp:1)
  A shard shrike simulacrum (Coc:3)
  21 cacodemons
  17 frost giants
  Louise (D:15)
  2 deep elf elementalists (Elf:3)
  18 ironbound preservers
  2 orc warlords
  5 curse skulls
  A draconian shifter (Depths:4)
  5 ghouls (Crypt:2)
  3 draconian annihilators (Pan)
  6 demonspawn corrupters (Pan)
  2 spriggan defenders (Depths:2)
  2 war gargoyles (Vaults:5)
  6 quicksilver oozes
  A quicksilver ooze (shapeshifter) (Depths:1)
  5 ironbound thunderhulks
  5 demonspawn blood saints (Pan)
  8 reapers
  14 very ugly things
  8 vampire knights
  14 stone giants
  4 starflowers (Abyss:1)
  4 demonspawn black suns (Pan)
  20 elemental wellsprings
  4 putrid mouths (Hell)
  11 deep elf demonologists
  4 eleionomae
  7 dire elephants (Vaults:4)
  2 black draconians (Depths:4)
  12 deep elf annihilators
  8 spark wasps
  7 bunyips
  7 wendigos
  A minotaur (Gauntlet)
  6 eidola
  2 purple draconians (Depths:4)
  An ettin (shapeshifter) (Vaults:5)
  7 green deaths
  3 iron golems (Hell)
  19 blizzard demons
  25 ettins
  6 fire dragons
  9 deep elf death magi
  6 deep elf high priests
  Josephine (Orc:2)
  A ragged hierophant (Elf:1)
  9 jiangshi
  8 yaktaur captains
  A crystal guardian (Vaults:3)
  4 entropy weavers
  A kraken zombie (Hell)
  14 great orbs of eyes
  9 ice dragons
  A fire dragon (shapeshifter) (Vaults:5)
  9 salamander tyrants
  3 peacekeepers
  5 rakshasas
  6 hell beasts
  10 hydras
  45 vault guards
  4 juggernaut simulacra
  8 anacondas
  A catoblepas (Lair:3)
  14 ironbound frosthearts
  A spriggan skeleton (Hell)
  3 ghost crabs
  4 caustic shrike simulacra
  5 boulder beetles
  4 spriggan air magi
  Erica (D:9)
  11 centaur warriors
  2 two-headed ogres
  16 stokers
  2 satyrs (Abyss:4)
  5 deep troll earth magi
  11 dancing weapons
  11 alligators
  9 naga warriors
  A bennu skeleton (Crypt:2)
  25 hell hogs
  2 orc high priests
  19 death yaks
  13 naga sharpshooters
  4 deep troll shamans
  7 tengu warriors
  4 vampire magi
  10 shock serpents
  2 spriggan berserkers
  A hell knight (Vaults:1)
  23 sun demons
  5 thrashing horrors (Abyss:4)
  Sonja (D:13)
  7 soul eaters
  2 wretched stars
  A fire crab (shapeshifter) (Depths:2)
  17 deep elf knights
  3 sea snakes (Snake:2)
  2 skysharks
  9 shadow wraiths
  8 iron trolls
  An iron troll (shapeshifter) (D:13)
  13 skeletal warriors
  27 sixfirhies (Pan)
  A death drake (Swamp:4)
  5 glowing orange brains
  4 goliath frogs
  3 salamander mystics (Snake:4)
  A spriggan druid (Swamp:3)
  2 deep trolls (shapeshifter)
  A cherub (Pan)
  A swamp dragon (Swamp:1)
  3 shadow demons (Pan)
  A death drake (shapeshifter) (Depths:3)
  62 deep trolls
  A quicksilver dragon simulacrum (Hell)
  An anaconda zombie (Hell)
  11 deep elf archers
  8 naga ritualists
  12 wizards
  4 spriggan simulacra
  19 phantasmal warriors
  31 large abominations
  14 lindwurms
  5 bog bodies
  2 spectral hydras (Swamp:4)
  11 orc knights
  5 harpies (Vaults:1)
  A kraken simulacrum (Hell)
  A wolf spider zombie (D:15)
  A harpy (shapeshifter) (D:13)
  21 deep elf zephyrmancers
  17 ironbound convokers
  An anaconda skeleton (Hell)
  7 orc sorcerers
  A shadow dragon zombie (Depths:3)
  5 necromancers
  2 wolf spiders (Lair:5)
  31 deep elf pyromancers
  47 ugly things
  11 mana vipers
  A sphinx zombie (Crypt:3)
  A shadow dragon skeleton (Crypt:3)
  2 worldbinders
  A moth of wrath (Gauntlet)
  A cyclops (shapeshifter) (Abyss:1)
  4 manticores
  A stone giant zombie (Vaults:5)
  5 rust devils
  A dire elephant zombie (Hell)
  5 salamanders
  12 shining eyes
  An iron dragon skeleton (Depths:3)
  8 cyclopes
  25 elephants
  A centaur zombie (D:15)
  14 naga magi
  An apocalypse crab (Abyss:4)
  15 orange demons
  A shock serpent zombie (Crypt:3)
  3 eyes of devastation
  10 demonic crawlers (Pan)
  3 molten gargoyles
  7 ice statues
  10 cane toads
  30 black mambas
  5 guardian serpents
  2 titan simulacra
  15 vault sentinels
  A cane toad (shapeshifter) (D:13)
  27 smoke demons
  2 dire elephant skeletons (Pan)
  An orc skeleton (Hell)
  3 unseen horrors
  11 hellions
  A black draconian zombie (Crypt:2)
  3 centaur skeletons
  5 efreet
  3 kobold demonologists
  A redback zombie (Crypt:1)
  7 rime drakes (IceCv)
  A komodo dragon (shapeshifter) (Vaults:1)
  A yaktaur zombie (Vaults:5)
  A bunyip simulacrum (Coc:1)
  5 swamp worm zombies (Swamp:4)
  21 yaktaurs
  13 freezing wraiths
  3 tengu conjurers
  4 anaconda simulacra
  11 tormentors
  13 komodo dragons
  A catoblepas skeleton (Crypt:3)
  12 trolls
  3 ancient zymes
  A minotaur skeleton (Crypt:3)
  A death yak skeleton (Crypt:1)
  A golden dragon simulacrum (Depths:3)
  4 ice devils
  A troll (shapeshifter) (D:12)
  5 tyrant leeches
  11 hellwings
  7 polar bears
  A harpy zombie (Crypt:2)
  7 red devils
  A bloated husk (Swamp:4)
  2 meliai (shapeshifter)
  19 hornets
  7 hydra zombies
  A wolf spider simulacrum (D:14)
  16 blink frogs
  A meliai (D:13)
  A raiju (Gauntlet)
  3 saltlings (Elf:1)
  An ettin zombie (Vaults:5)
  Prince Ribbit (Bailey)
  7 dream sheep (Lair:4)
  2 iron dragon simulacra (Coc:1)
  4 alligator zombies
  2 hydra skeletons
  113 slime creatures
  5 spectral swamp dragons (Swamp:4)
  21 flying skulls
  2 stone giant simulacra
  2 centaur simulacra
  4 air elementals
  15 spriggans
  A vampire (D:13)
  12 wraiths
  7 ynoxinuls
  A culicivora (Vaults:1)
  4 water elementals
  6 golden eyes
  59 yaks
  13 wyverns
  5 dire elephant simulacra
  A human (shapeshifter) (D:14)
  A naga simulacrum (Coc:5)
  An alligator snapping turtle simulacrum (Coc:1)
  4 steam dragons
  4 hogs (Lair:4)
  5 redbacks
  4 humans (Bailey)
  3 basilisks
  10 chaos spawn
  18 neqoxecs (Pan)
  2 fire elementals
  10 vampire mosquitoes
  4 wargs
  An acid dragon (shapeshifter) (Elf:1)
  A wind drake skeleton (Crypt:1)
  41 nagas
  10 harpy simulacra
  13 swamp worms
  3 acid dragons
  A glowing shapeshifter zombie (Crypt:2)
  3 hell hounds (Hell)
  40 water moccasins
  Duvessa (D:7)
  5 floating eyes (Pan)
  2 hydra simulacra
  A floating eye (shapeshifter) (Depths:1)
  2 sky beasts (D:6)
  44 orc warriors
  A swamp drake (Swamp:2)
  5 ice beasts
  2 swamp dragon zombies (Swamp:4)
  An ettin simulacrum (Coc:4)
  12 small abominations
  36 wolves
  4 ogres
  3 centaurs (D:13)
  A swamp dragon skeleton (Crypt:3)
  3 phantoms
  A gnoll sergeant (D:11)
  5 earth elementals
  2 necrophages (Crypt:2)
  22 bullfrogs
  2 scorpions (D:4)
  3 wights (Abyss:1)
  Dowan (D:7)
  6 killer bees (D:8)
  A yak zombie (Crypt:3)
  4 howler monkeys
  A crimson imp (D:12)
  2 lava snakes (Snake:2)
  A quasit (Abyss:1)
  An iron imp (Abyss:2)
  19 orc priests
  4 hounds (D:4)
  A jelly (D:6)
  A human skeleton (Crypt:1)
  17 starcursed masses (Abyss:4)
  2 gnoll boudas
  2 lightning spires (Gauntlet)
  11 iguanas
  22 orc wizards
  7 hell rats (Lair:4)
  A tengu zombie (Crypt:2)
  An acid dragon zombie (Crypt:2)
  An ice beast zombie (Crypt:3)
  22 gnolls
  11 adders
  A swamp drake zombie (Swamp:4)
  3 shadow imps
  16 white imps
  2 ufetubi
  3 worms
  2 dart slugs
  72 orcs
  3 bats
  7 endoplasms
  A giant cockroach (D:4)
  9 goblins
  11 hobgoblins
  5 jackals
  7 kobolds
  2 quokkas
  3 ball pythons (D:4)
  3 frilled lizards
  A frilled lizard skeleton (Crypt:2)
  A giant cockroach zombie (Crypt:1)
  A hobgoblin zombie (Crypt:1)
  3 rats (D:1)
  11 fire vortices
  3 starspawn tentacles (Abyss:1)
  3 tentacles (Hell)
2783 creatures vanquished.

Vanquished Creatures (others)
  A shard shrike (Coc:6)
  2 eldritch tentacles (Pan)
  A cacodemon (Pan)
  2 shard shrike simulacra
  An elemental wellspring (Coc:2)
  2 blizzard demons (Pan)
  A juggernaut simulacrum (Coc:1)
  A stoker (Geh:7)
  A naga warrior (Snake:4)
  2 deep elf knights
  2 sixfirhies (Pan)
  A quicksilver dragon simulacrum (Coc:4)
  A spriggan simulacrum (Coc:2)
  3 wizards
  A deep elf pyromancer (Elf:2)
  A fenstrider witch simulacrum (Coc:1)
  3 titan simulacra
  2 anaconda simulacra
  An iron giant simulacrum (Coc:4)
  5 bloated husks
  A ynoxinul (Pan)
  A naga simulacrum (Coc:5)
  A water elemental (Elf:1)
  A vampire (D:13)
  3 harpy simulacra
  A naga skeleton (Pan)
  An ettin simulacrum (Coc:6)
  A phantom (Swamp:4)
  An orc wizard (Elf:1)
  3 creeping infernos
  6 fire vortices
  3 lurking horrors
  5 starspawn tentacles (Abyss:1)
  5 tentacles (Hell)
67 creatures vanquished.

Grand Total: 2850 creatures vanquished

Notes
Turn   | Place    | Note
-------+----------+-------------------------------------------
     0 | D:1      | SnakkuSnakku7 the Vine Stalker Venom Mage began the quest
                  | for the Orb.
     0 | D:1      | Reached XP level 1. HP: 9/9 MP: 4/4
   225 | D:1      | Reached skill level 1 in Unarmed Combat
   225 | D:1      | Reached XP level 2. HP: 7/14 MP: 6/6
   227 | D:1      | Reached skill level 1 in Fighting
   518 | D:1      | Reached XP level 3. HP: 8/18 MP: 3/7
  1068 | D:2      | Gained mutation: Your natural rate of healing is unusually
                  | fast. [Vine Stalker growth]
  1068 | D:2      | Reached XP level 4. HP: 23/23 MP: 5/8
  1352 | D:3      | Reached XP level 5. HP: 24/27 MP: 3/9
  1898 | D:4      | Reached XP level 6. HP: 23/32 MP: 5/10
  1911 | D:4      | Noticed an ice beast
  1949 | D:4      | Killed an ice beast
  1974 | D:4      | You fall into a shaft and drop 1 floor!
  1974 | D:5      | Entered Level 5 of the Dungeon
  2043 | D:5      | Reached XP level 7. HP: 36/37 MP: 11/11
  2068 | D:5      | Reached skill level 5 in Unarmed Combat
  2121 | D:5      | Found an iron altar of Okawaru.
  2528 | D:5      | Found a staircase to the Ecumenical Temple.
  2537 | Temple   | Entered the Ecumenical Temple
  2617 | D:5      | Reached skill level 5 in Fighting
  3315 | D:6      | Gained mutation: You have razor-sharp teeth. [Vine Stalker
                  | growth]
  3315 | D:6      | Reached XP level 8. HP: 41/43 MP: 9/12
  3373 | D:6      | Reached skill level 5 in Poison Magic
  3388 | D:6      | Learned a level 4 spell: Olgreb's Toxic Radiance
  3391 | D:6      | Learned a level 2 spell: Poisonous Vapours
  3643 | D:6      | Reached XP level 9. HP: 39/47 MP: 10/13
  3663 | D:6      | Found a broken altar of Ashenzari.
  3663 | D:6      | Found a blossoming altar of Fedhas.
  3675 | D:6      | Found a faded altar of an unknown god.
  3677 | D:6      | Found a faded altar of an unknown god.
  3678 | D:6      | Found a hide-covered altar of Uskayaw.
  3996 | D:7      | Found a flagged portal.
  4055 | Bailey   | Entered a bailey
  4193 | Bailey   | Noticed Prince Ribbit
  4194 | Bailey   | Noticed a vault guard
  4205 | Bailey   | Killed Prince Ribbit
  4206 | Bailey   | Reached XP level 10. HP: 48/51 MP: 12/14
  4227 | Bailey   | Killed a vault guard
  4228 | Bailey   | Reached skill level 10 in Unarmed Combat
  4280 | Bailey   | Noticed a vault guard
  4296 | Bailey   | Killed a vault guard
  4484 | D:7      | Noticed Dowan
  4485 | D:7      | Noticed Duvessa
  4493 | D:7      | Killed Duvessa
  4496 | D:7      | Killed Dowan
  4712 | D:7      | Found a white marble altar of Elyvilon.
  4714 | D:7      | Found a glowing silver altar of Zin.
  4716 | D:7      | Found a glowing golden altar of the Shining One.
  4755 | D:7      | Became a worshipper of Zin the Law-Giver
  4755 | D:7      | Reached * piety under Zin
  5050 | D:8      | Paralysed by a hornet for 2 turns
  5318 | D:8      | Reached ** piety under Zin
  5807 | D:9      | Reached XP level 11. HP: 55/55 MP: 6/15
  5853 | D:9      | Noticed Erica
  5878 | D:9      | Killed Erica
  6067 | D:9      | Noticed a deep elf pyromancer
  6091 | D:9      | Killed a deep elf pyromancer
  6497 | D:10     | Entered Level 10 of the Dungeon
  6546 | D:10     | Reached *** piety under Zin
  6650 | D:10     | Noticed a boulder beetle
  6670 | D:10     | Killed a boulder beetle
  6677 | D:10     | Noticed a two-headed ogre
  6771 | D:10     | Found Bufuizui's Distillery.
  6814 | D:10     | Killed a two-headed ogre
  6815 | D:10     | Reached skill level 15 in Unarmed Combat
  7150 | D:11     | Noticed a death yak
  7152 | D:11     | Noticed a death yak
  7154 | D:11     | Noticed a death yak
  7165 | D:11     | Killed a death yak
  7166 | D:11     | Reached skill level 5 in Spellcasting
  7171 | D:11     | Reached XP level 12. HP: 12/60 MP: 5/21
  7256 | D:10     | Killed a death yak
  7271 | D:11     | Found Qiqygosu's Hydra Hut.
  7280 | D:11     | Noticed a four-headed hydra
  7382 | D:11     | Killed a death yak
  7470 | D:11     | Found a staircase to the Orcish Mines.
  7524 | D:11     | Found a staircase to the Lair.
  7653 | D:11     | Reached **** piety under Zin
  7761 | Orc:1    | Entered Level 1 of the Orcish Mines
  7865 | Orc:1    | Noticed an orc warlord
  7905 | D:11     | Killed an orc warlord
  7907 | D:11     | Reached ***** piety under Zin
  8301 | Orc:2    | Entered Level 2 of the Orcish Mines
  8363 | Orc:2    | Reached ****** piety under Zin
  8604 | Orc:2    | Found a staircase to the Elven Halls.
  8783 | Orc:2    | Noticed an orc high priest
  8802 | Orc:2    | Killed an orc high priest
  8872 | Orc:2    | Noticed Josephine
  8915 | Orc:2    | Killed Josephine
  8916 | Orc:2    | Reached XP level 13. HP: 35/69 MP: 13/26
  8975 | Orc:2    | Reached skill level 10 in Fighting
  8977 | Orc:2    | Noticed Saint Roka
  9009 | Orc:2    | Reached skill level 1 in Invocations
  9240 | Orc:2    | Found Jaemp's General Store.
  9279 | Orc:2    | Found Qotrej's Antique Weapon Emporium.
  9388 | Orc:2    | Killed Saint Roka
  9389 | Orc:2    | Reached skill level 5 in Invocations
  9410 | Orc:2    | Found Ruliretu's Jewellery Emporium.
  9540 | Orc:2    | Bought the ring of Xiovuzad {Wiz +Blink rPois MP+9 Dex-2}
                  | for 691 gold pieces
  9556 | Orc:2    | Bought a scroll of enchant armour for 112 gold pieces
  9556 | Orc:2    | Bought a scroll of blinking for 112 gold pieces
  9564 | Orc:2    | Found Cequphuu's Antique Armour Emporium.
  9572 | Orc:2    | Bought a runed helmet for 180 gold pieces
  9610 | Elf:1    | Entered Level 1 of the Elven Halls
  9631 | Elf:1    | HP: 1/72 [+0 dire flail of protection (12)]
  9798 | Elf:1    | Found Lizif's Assorted Antiques.
  9855 | Elf:2    | Noticed a deep elf death mage
  9870 | Elf:2    | Killed a deep elf death mage
  9885 | Elf:2    | Found Coobb's Armour Shop.
  9895 | Elf:2    | Identified the ring of Mistrust {Fire Str+2 Dex+2}
  9904 | Elf:3    | Entered Level 3 of the Elven Halls
 10079 | Lair:1   | Entered Level 1 of the Lair of Beasts
 10095 | Lair:1   | Found a frozen archway.
 10130 | IceCv    | Entered an ice cave
 10179 | IceCv    | Reached skill level 10 in Invocations
 10189 | IceCv    | Reached skill level 1 in Armour
 10189 | IceCv    | Reached XP level 14. HP: 46/77 MP: 21/27
 10553 | IceCv    | Noticed a frost giant
 10564 | IceCv    | Reached skill level 5 in Armour
 10614 | IceCv    | Killed a frost giant
 10978 | Lair:1   | Found a burning altar of Makhleb.
 11318 | Lair:2   | Found a staircase to the Swamp.
 12045 | Lair:3   | Found a staircase to the Snake Pit.
 12088 | Lair:3   | Got Wizarding in Simple Steps
 12561 | Lair:3   | Reached XP level 15. HP: 74/80 MP: 26/28
 12657 | Lair:3   | Reached skill level 10 in Armour
 13039 | Lair:4   | Noticed Kirke
 13056 | Lair:4   | Killed Kirke
 13158 | Lair:4   | Reached skill level 5 in Dodging
 14087 | Lair:5   | Entered Level 5 of the Lair of Beasts
 14110 | Lair:5   | Found a staircase to the Slime Pits.
 14111 | Lair:5   | Found a viscous altar of Jiyva.
 14869 | Lair:5   | Reached XP level 16. HP: 35/85 MP: 12/29
 14895 | Lair:5   | HP: 1/85 [death yak (10)]
 15515 | Snake:1  | Entered Level 1 of the Snake Pit
 15522 | Snake:1  | Identified the +2 hand axe of the Sneaky Queens {vamp,
                  | Stlth+}
 15590 | Snake:1  | Reached skill level 1 in Shields
 16026 | Snake:1  | Noticed Roxanne
 16088 | Snake:1  | Identified the +3 ring mail of Bad Feelings {Slay+5}
 16556 | Snake:2  | Found Akex's Book Emporium.
 16569 | Snake:2  | Noticed a nagaraja
 16580 | Snake:2  | Killed a nagaraja
 16595 | Snake:2  | Reached skill level 5 in Shields
 16760 | Snake:2  | Noticed Vashnia
 17443 | Snake:2  | Found Hokk's CLEARANCE SALE!.
 17451 | Snake:2  | Bought a scroll of blinking for 30 gold pieces
 17559 | Snake:2  | Reached skill level 1 in Evocations
 18427 | Snake:3  | Found a runed translucent door.
 18877 | Snake:3  | Reached skill level 5 in Evocations
 19024 | Snake:4  | Entered Level 4 of the Snake Pit
 19310 | Snake:4  | Reached XP level 17. HP: 89/89 MP: 30/30
 20313 | Snake:4  | Got a serpentine rune of Zot
 20751 | Swamp:1  | Entered Level 1 of the Swamp
 20858 | Swamp:1  | Reached skill level 10 in Shields
 21208 | Swamp:1  | Noticed Aizul
 21251 | Swamp:1  | Killed Aizul
 21301 | Swamp:2  | Noticed Donald
 21341 | Swamp:1  | Killed Donald
 21525 | Swamp:2  | Identified the amulet of Vearghyuc {rC+ Regen+ Str+3 Dex+3}
 21817 | Swamp:2  | Noticed Frances
 21885 | Swamp:2  | Killed Frances
 22376 | Swamp:3  | Found a runed translucent door.
 22378 | Swamp:3  | Found a shimmering altar of Xom.
 22378 | Swamp:3  | Noticed Qemahefa's ghost (adept GrFi)
 22939 | Swamp:4  | Entered Level 4 of the Swamp
 23005 | Swamp:4  | Identified a scroll of acquirement
 23008 | Swamp:4  | Acquired 1249 gold pieces
 23089 | Swamp:4  | Reached XP level 18. HP: 90/95 MP: 31/31
 23223 | Swamp:4  | Noticed a tentacled monstrosity
 23421 | Swamp:4  | Killed a tentacled monstrosity
 23842 | Swamp:4  | Noticed a bone dragon
 23873 | Swamp:4  | Killed a bone dragon
 23911 | Swamp:4  | Got a decaying rune of Zot
 24430 | D:12     | Acquired 850 gold pieces
 25076 | D:13     | Found Etwuetreigg's Serpentskin Sales.
 25144 | D:13     | Noticed Sonja
 25166 | D:13     | Killed Sonja
 25210 | D:13     | Bought a +0 kite shield of poison resistance for 136 gold
                  | pieces
 25416 | D:13     | an emperor scorpion changed into a quicksilver dragon
 25416 | D:13     | Noticed a quicksilver dragon (glowing shapeshifter)
 25417 | D:13     | a quicksilver dragon changed into an iron troll
 25503 | D:13     | Identified the +7 plate armour of Qengiugu {Drain rN+ rCorr
                  | Dex+6}
 26062 | D:14     | Found a gate to the Vaults.
 26133 | D:14     | Reached XP level 19. HP: 99/101 MP: 32/32
 26475 | D:15     | Entered Level 15 of the Dungeon
 26493 | D:15     | Noticed Jorgrun
 26514 | D:15     | Killed Jorgrun
 26551 | D:15     | Found a gate leading to a gauntlet.
 26556 | Gauntlet | Entered a Gauntlet
 26556 | Gauntlet | Found a transporter.
 26556 | Gauntlet | Found a transporter.
 26568 | Gauntlet | Found a transporter.
 26585 | Gauntlet | Found a transporter.
 26585 | Gauntlet | Found a transporter.
 26588 | Gauntlet | Found a transporter.
 26588 | Gauntlet | Found a transporter.
 26590 | Gauntlet | Found a transporter.
 26592 | Gauntlet | Found a runed translucent door.
 26598 | Gauntlet | Found a runed translucent door.
 26600 | Gauntlet | Found a transporter.
 26616 | Gauntlet | Found a transporter.
 26625 | Gauntlet | Found a runed translucent gate.
 26626 | Gauntlet | Found a transporter.
 26626 | Gauntlet | Found a runed translucent gate.
 26627 | Gauntlet | Found a runed translucent gate.
 26640 | Gauntlet | Found a transporter.
 26660 | Gauntlet | Found a transporter.
 26673 | Gauntlet | Found a transporter.
 26736 | Gauntlet | Reached XP level 20. HP: 107/107 MP: 33/33
 26808 | Gauntlet | Identified the +0 plate armour of the Lute {Dex+3}
 26809 | Gauntlet | Identified the +2 pair of gloves of Julu {Str-2 Dex+6}
 27201 | D:15     | Noticed Agnes
 27215 | D:15     | HP: 1/107 [Agnes/+2 lajatang of speed (15)]
 27240 | D:15     | Killed Agnes
 27487 | D:15     | Noticed Louise
 27505 | D:15     | Killed Louise
 27862 | D:15     | Found a staircase to the Depths.
 27950 | Vaults:1 | Entered Level 1 of the Vaults
 28790 | Vaults:1 | Noticed Nikola
 28802 | Vaults:1 | Killed Nikola
 29641 | Vaults:2 | Got the Information on the Boggart
 29859 | Vaults:2 | Reached XP level 21. HP: 102/112 MP: 34/34
 30229 | Vaults:2 | Found a portal to a secret trove of treasure.
 30753 | Vaults:2 | You paid a toll of 8 scrolls of fog to enter a treasure
                  | trove
 30754 | Trove    | Entered a treasure trove
 30773 | Trove    | Identified the staff of poison "Ytuzefae" {rPois Stlth+}
 31003 | Vaults:3 | Found a staircase to the Crypt.
 31599 | Vaults:3 | Identified the +6 sling "Giweahal" {flame, Fragile Will++}
 31807 | Vaults:4 | Noticed Mara
 31841 | Vaults:4 | Noticed SnakkuSnakku7's illusion
 31873 | Crypt:1  | Entered Level 1 of the Crypt
 32118 | Crypt:1  | Reached skill level 15 in Invocations
 32761 | Crypt:2  | Noticed Jory
 32787 | Crypt:2  | Killed Jory
 32788 | Crypt:2  | Reached XP level 22. HP: 95/116 MP: 35/35
 33482 | Crypt:2  | Found a runed translucent door.
 33483 | Crypt:2  | Noticed a dread lich
 33508 | Crypt:2  | Killed a dread lich
 33560 | Crypt:3  | Entered Level 3 of the Crypt
 33663 | Crypt:3  | Found a staircase to the Tomb.
 33710 | Crypt:3  | Reached skill level 10 in Evocations
 34156 | Crypt:3  | Found the +13 scythe of Curses {drain, curses, Drain}
 34264 | Crypt:3  | Noticed an ancient lich
 34277 | Crypt:3  | HP: 3/116 [ancient lich/crystal spear (22)]
 34383 | Crypt:3  | Killed an ancient lich
 34493 | Crypt:3  | Identified the +12 scimitar of Havoc {venom, rElec Int+3}
 34494 | Crypt:3  | Identified the +6 battleaxe of the Lost Hosts {freeze,
                  | Dex+2}
 34610 | Crypt:3  | Noticed a dread lich
 34636 | Crypt:3  | Killed a dread lich
 34658 | Crypt:3  | Noticed an ancient lich
 34696 | Crypt:3  | Killed an ancient lich
 34752 | Crypt:3  | Identified the ring of the Voracious God {rElec rPois
                  | Slay+2}
 34955 | Vaults:4 | Killed Mara
 35472 | Vaults:4 | Reached XP level 23. HP: 113/121 MP: 33/37
 36033 | Vaults:5 | Entered Level 5 of the Vaults
 36383 | Vaults:5 | Identified the ring of the Feeding Gods {Fire rPois Will+
                  | Str+2 Int+3}
 36424 | Vaults:5 | Noticed a dread lich
 36432 | Vaults:5 | Noticed a dread lich
 36434 | Vaults:5 | Killed a dread lich
 36541 | Vaults:5 | Identified the +12 long sword of Oconiemm {flame, Str+3
                  | Int+4 Dex+2}
 36576 | Vaults:5 | Identified the +0 ring mail "Ecanoyku" {MP+9 Slay+4}
 36624 | Vaults:5 | Identified the staff of conjuration "Guasmoc" {rN+ Dex+2}
 36671 | Vaults:5 | Killed a dread lich
 36786 | Vaults:5 | Got a silver rune of Zot
 36820 | Vaults:5 | Identified the staff of fire "Tony" {rF+ Str+4}
 37141 | Vaults:5 | Identified the +1 robe "Walu" {-Tele Dex+5}
 37188 | Vaults:5 | Noticed a golden dragon
 37209 | Vaults:5 | Killed a golden dragon
 37217 | Vaults:5 | Noticed an ancient lich
 37220 | Vaults:5 | Noticed a golden dragon
 37244 | Vaults:5 | Killed an ancient lich
 37253 | Vaults:5 | Reached XP level 24. HP: 36/126 MP: 30/38
 37435 | Vaults:5 | Identified the +0 crystal plate armour "Veevej" {+Blink}
 37593 | Vaults:5 | Got Keyg's Theurgy and You
 37596 | Vaults:5 | Got Fid Xamo's Volume of the Arsonist and the Fjord
 37597 | Vaults:5 | Identified the +4 dagger of the Leaping Moth {venom, rCorr
                  | Str+7 Int-4 Dex+2}
 38179 | Slime:1  | Entered Level 1 of the Pits of Slime
 39571 | Slime:3  | Reached skill level 10 in Dodging
 40011 | Slime:5  | Entered Level 5 of the Pits of Slime
 40105 | Slime:5  | Reached skill level 15 in Armour
 40414 | Slime:5  | Noticed the Royal Jelly
 40437 | Slime:5  | Found a viscous altar of Jiyva.
 40467 | Slime:5  | Killed the Royal Jelly
 40571 | Slime:5  | Identified the +0 ring mail of Insatiable Hunger {Drain
                  | +Blink rC+ Dex+7}
 40580 | Slime:5  | Got a slimy rune of Zot
 40614 | Slime:5  | Identified the +1 leather armour "Nitturpha" {rN+}
 40637 | Slime:5  | Identified the +6 longbow "Wiehirch" {flame, Drain rC++
                  | Int+2 SInv}
 41158 | Elf:1    | Found a runed translucent gate.
 41158 | Elf:1    | Found a runed translucent gate.
 41158 | Elf:1    | Found a runed translucent gate.
 41158 | Elf:1    | Found a runed translucent gate.
 41158 | Elf:1    | Found a runed translucent gate.
 41160 | Elf:1    | Found a runed translucent gate.
 41501 | Elf:2    | Reached XP level 25. HP: 130/135 MP: 37/38
 41671 | Elf:2    | Reached skill level 15 in Fighting
 42187 | Elf:2    | Found a runed translucent gate.
 42188 | Elf:2    | Found a runed translucent gate.
 42189 | Elf:2    | Found a runed translucent gate.
 42580 | Elf:3    | Identified the +6 mace of Fresh Exoneration {drain, Drain
                  | +Blink rC++ rN+++ Str-2}
 42596 | Elf:3    | Identified the ring "Ihoo" {EV+5 Int+3}
 42773 | Elf:3    | Identified the staff of conjuration "Fairroo" {rElec}
 42787 | Elf:3    | Identified the +1 robe "Tearekli" {Rampage *Slow rPois
                  | Slay+5}
 42787 | Elf:3    | Identified the amulet of Pacixomp {Acrobat Harm rF- rN+
                  | SInv}
 42821 | Elf:3    | Identified the staff of death "Jayxojan" {rN+ Dex+3}
 42835 | Elf:3    | Identified the +7 broad axe of Wyrd {freeze, rN+ rCorr
                  | Str-2 Dex+2}
 42896 | Elf:3    | Identified the staff of poison "Quratry" {*Slow rPois Will+
                  | Str-2 Dex+5}
 42897 | Elf:3    | Identified the +0 dagger of Goth {spect, rCorr}
 42907 | Elf:3    | Identified the staff of conjuration "Enyecix" {Str+2 Int+2}
 42926 | Elf:3    | Got the Secrets of the Hyperbolic Deep Freeze
 43113 | Elf:3    | Found Ecaer's Armour Shop.
 43339 | Elf:3    | Found a runed translucent door.
 43343 | Elf:3    | Noticed AlmostDecent's ghost (veteran GrHu)
 43353 | Elf:3    | Found Fisi's Tiny Tomes.
 43592 | Elf:3    | Killed AlmostDecent's ghost
 43823 | Depths:1 | Entered Level 1 of the Depths
 43884 | Depths:1 | Found a shadowy altar of Dithmenos.
 44215 | Depths:1 | Paralysed by a floating eye for 4 turns
 44259 | Depths:1 | Identified the ring of Paphulej {rC+ rN+ AC+4}
 44259 | Depths:1 | Identified the +1 falchion "Kilac" {antimagic, Stlth+}
 44259 | Depths:1 | Identified the +0 leather armour of Zehis {+Blink rElec
                  | Regen+ Dex-2}
 44360 | Depths:1 | Found Heoclude's Jewellery Emporium.
 44360 | Depths:1 | Found Ezepuco's Book Boutique.
 44362 | Depths:1 | Found Sicanut's Book Boutique.
 44434 | Depths:1 | Found a one-way gate leading to the halls of Pandemonium.
 44683 | Depths:1 | Found a gateway to Hell.
 44860 | Depths:2 | Found Ilafrayl's Magic Scroll Boutique.
 44917 | Depths:2 | Bought a scroll of teleportation for 63 gold pieces
 44917 | Depths:2 | Bought 3 scrolls of fog for 252 gold pieces
 44917 | Depths:2 | Bought a scroll of fog for 84 gold pieces
 45111 | Depths:2 | Found Wosairui's Antique Weapon Boutique.
 45215 | Depths:2 | Reached XP level 26. HP: 73/149 MP: 27/38
 45343 | Depths:2 | Found a transporter.
 45366 | Depths:2 | Found a transporter.
 45723 | Depths:3 | Identified the +0 robe of Ethics {*Slow +Inv rCorr}
 45942 | Depths:3 | Found the +3 Mad Mage's Maulers {Infuse+∞ VampMP -Cast}
 46029 | Depths:3 | Found a one-way gateway to a ziggurat.
 46068 | Depths:3 | Found a one-way gate to the infinite horrors of the Abyss.
 46296 | Depths:3 | Identified the ring of the Ten Knives {rCorr Int+3}
 46471 | Depths:3 | Found Woodaes's Magic Scroll Shoppe.
 46480 | Depths:3 | Bought a scroll of teleportation for 42 gold pieces
 46480 | Depths:3 | Bought a scroll of fear for 56 gold pieces
 46480 | Depths:3 | Bought a scroll of magic mapping for 105 gold pieces
 46606 | Depths:4 | Entered Level 4 of the Depths
 46607 | Depths:4 | Noticed a juggernaut
 46617 | Depths:4 | Killed a juggernaut
 46721 | Depths:4 | Found Ycyonit's Book Emporium.
 46902 | Depths:4 | Found a gate to the Realm of Zot.
 47624 | Pan      | Entered Pandemonium
 47820 | Pan      | Found a transporter.
 48115 | Pan      | Noticed Zadat the pandemonium lord
 48130 | Pan      | Reached XP level 27. HP: 30/149 MP: 6/39
 48888 | Pan      | Entered the realm of Lom Lobon.
 49067 | Pan      | Learned a level 1 spell: Apportation
 49091 | Pan      | Reached skill level 1 in Translocations
 49234 | Pan      | Noticed Lom Lobon
 49268 | Pan      | Killed Lom Lobon
 49301 | Pan      | Got a magical rune of Zot
 49367 | Pan      | Reached skill level 5 in Translocations
 49533 | Pan      | Entered the realm of Mnoleg.
 49939 | Pan      | Paralysed by a floating eye for 4 turns
 49958 | Pan      | Paralysed by a floating eye for 3 turns
 50005 | Pan      | Noticed Mnoleg
 50006 | Pan      | Paralysed by a floating eye for 2 turns
 50015 | Pan      | Paralysed by a floating eye for 4 turns
 50144 | Pan      | Reached skill level 10 in Translocations
 50156 | Pan      | Learned a level 4 spell: Passage of Golubria
 50159 | Pan      | Learned a level 2 spell: Blink
 50281 | Pan      | Killed Mnoleg
 50323 | Pan      | Got a glowing rune of Zot
 50530 | Pan      | Noticed Dykoys the pandemonium lord
 50612 | Pan      | Killed Dykoys the pandemonium lord
 50729 | Pan      | Got a demonic rune of Zot
 50996 | Pan      | Identified the +1 leather armour of Maimn {rF+ Dex+4 SInv}
 51064 | Pan      | Found a huge runed translucent gate.
 51065 | Pan      | Found a huge runed translucent gate.
 51065 | Pan      | Found an exit through the horrors of the Abyss.
 51066 | Pan      | Found a huge runed translucent gate.
 51066 | Pan      | Found a huge runed translucent gate.
 51066 | Pan      | Found a huge runed translucent gate.
 51215 | Pan      | Found an exit through the horrors of the Abyss.
 51286 | Pan      | Entered the realm of Cerebov.
 51286 | Pan      | Found the +6 sword of Cerebov {flame}
 51286 | Pan      | Noticed Cerebov
 51295 | Pan      | Got a fiery rune of Zot
 51338 | Pan      | Entered the realm of Gloorx Vloq.
 51341 | Pan      | Found an exit through the horrors of the Abyss.
 51580 | Pan      | Noticed Gloorx Vloq
 51595 | Pan      | Killed Gloorx Vloq
 51604 | Pan      | Got a dark rune of Zot
 51634 | Pan      | Found the +6 sword of Cerebov {flame}
 51634 | Pan      | Noticed Cerebov
 51637 | Pan      | Took an exit into the Abyss.
 51637 | Abyss:1  | Escaped into the Abyss
 51814 | Abyss:1  | Found a corrupted altar of Lugonu.
 51887 | Abyss:1  | Noticed an ancient lich
 51898 | Abyss:1  | Killed an ancient lich
 51966 | Abyss:1  | Noticed an ancient lich
 51992 | Abyss:1  | Killed an ancient lich
 52043 | Abyss:1  | Found a corrupted altar of Lugonu.
 52072 | Abyss:1  | Found a corrupted altar of Lugonu.
 52072 | Abyss:1  | Found a corrupted altar of Lugonu.
 52100 | Abyss:2  | Found a corrupted altar of Lugonu.
 52158 | Abyss:2  | Found a corrupted altar of Lugonu.
 52242 | Abyss:4  | Found a corrupted altar of Lugonu.
 52337 | Abyss:4  | Paralysed by accursed screaming for 1 turns
 52346 | Abyss:4  | Paralysed by accursed screaming for 2 turns
 52355 | Abyss:4  | Paralysed by accursed screaming for 2 turns
 52360 | Abyss:4  | Paralysed by accursed screaming for 1 turns
 52378 | Abyss:4  | Got an abyssal rune of Zot
 52391 | Depths:2 | Escaped the Abyss
 52464 | Hell     | Entered the Vestibule of Hell
 52464 | Hell     | Noticed Geryon
 52572 | Hell     | Killed Geryon
 52812 | Hell     | Found a gateway to the Iron City of Dis.
 52930 | Hell     | Found a gateway to the ashen valley of Gehenna.
 53004 | Hell     | Found a gateway to the decaying netherworld of Tartarus.
 53118 | Geh:1    | Entered Level 1 of Gehenna
 53544 | Geh:5    | Noticed an ancient lich
 53575 | Geh:5    | Killed an ancient lich
 53582 | Geh:5    | Reached skill level 27 in Invocations
 53759 | Geh:7    | Entered Level 7 of Gehenna
 53998 | Geh:7    | Noticed the Serpent of Hell
 54022 | Geh:7    | Killed the Serpent of Hell
 54460 | Geh:7    | Got the Reference Book on Bruises
 54757 | Geh:7    | Found the +13 sceptre of Asmodeus
 54757 | Geh:7    | Noticed Asmodeus
 54899 | Geh:7    | Killed Asmodeus
 54930 | Geh:7    | Found the +7 sceptre of Torment {pain, torment}
 54967 | Geh:7    | Got an obsidian rune of Zot
 55112 | Hell     | Found a gateway to the freezing wastes of Cocytus.
 55153 | Coc:1    | Entered Level 1 of Cocytus
 55852 | Coc:2    | Paralysed by a wendigo for 1 turns
 55863 | Coc:2    | Paralysed by a wendigo for 1 turns
 55999 | Coc:2    | Paralysed by a wendigo for 1 turns
 56037 | Coc:2    | Paralysed by a wendigo for 1 turns
 56307 | Coc:4    | Paralysed by a wendigo for 1 turns
 56329 | Coc:4    | Paralysed by a wendigo for 1 turns
 56420 | Coc:5    | Paralysed by a wendigo for 1 turns
 56489 | Coc:6    | HP: 5/156 [Ice Fiend/bolt of cold (4)]
 56493 | Coc:7    | Entered Level 7 of Cocytus
 56583 | Coc:7    | Reached skill level 27 in Unarmed Combat
 56606 | Coc:7    | HP: 2/156 [ice-covered stone wall collision (18)]
 56611 | Coc:7    | Drowned by a water elemental

Illustrated notes

Levels and vault maps discovered:
D:1:      minmay_arrival_split_and_join, layout_basic, minmay_cupped
D:2:      layout_rooms
D:3:      layout_basic
D:4:      layout_rooms, minmay_diced_spiral
D:5:      layout_gridville, okawaru_gym_becter, minmay_temple_entry_large_hall
D:6:      layout_loops_ring, chequers_temple_overflow_minitemple
D:7:      layout_loops_ring, good_gods_mini_temple, enter_bailey_3, uniq_duvessa
D:8:      kennysheep_ambush_hall, layout_loops_ring
D:9:      layout_basic, uniq_erica
D:10:     layout_cave_pools, serial_shops, nicolae_stop_n_shop_1
D:11:     layout_cave_pools, dpeg_lair_monsters, david_orc_2,
          doesnt_shop_hydraphobe
D:12:     hangedman_cross_cluster, layout_rooms, minmay_fire_ice_demons
D:13:     minmay_expanding_squares, layout_cave_pools, guppyfry_shop_venom,
          uniq_sonja
D:14:     layout_loops_ring, lightli_vaults_fourway_checkpoint,
          nicolae_eternal_life
D:15:     grunt_enter_depths_magical_seal, layout_loops_ring,
          gauntlet_entry_generic, nicolae_hexahallways, uniq_agnes, uniq_louise,
          uniq_jorgrun
Temple:   nicolae_temple_superstar
Lair:1:   layout_concentric_octagons, portal_ice_cave_entry_imps, basic_altar
Lair:2:   layout_gridlike, swamp_mist
Lair:3:   layout_cellular_growth, minmay_snake_entry_six_corridors,
          grunt_megastairs_4
Lair:4:   beast_lair_carwin_large_4, layout_layer_cave, uniq_kirke
Lair:5:   hangedman_lair_tendril_chambers, layout_hall_layers, slime_entry_1
Swamp:1:  layout_basic_swamp, nicolae_swamp_some_circles, uniq_aizul
Swamp:2:  layout_basic_swamp, hangedman_swamp_ruin_wall, uniq_frances,
          uniq_donald
Swamp:3:  layout_basic_swamp, ebering_ghost_xom, evilmike_swamp_ruin_house_3
Swamp:4:  swamp_pestilence, layout_basic_swamp, infiniplex_staircase_pool_2
Snake:1:  layout_onion, uniq_roxanne
Snake:2:  layout_basic, nicolae_shop_i_like_big_books, nicolae_stop_n_shop_2,
          drop_trap, serial_bayou_lagoon_a, corexii_hall_statues_i,
          nicolae_shop_clearance, uniq_vashnia
Snake:3:  cheibrodos_toxic_ritual, layout_cave_pods,
          nicolae_snake_gridmaze_zigzag, corexii_hall_statues_t,
          nicolae_triple_integral, uniq_saint_roka
Snake:4:  minmay_snake_end_coiled, layout_basic
Slime:1:  layout_caves
Slime:2:  layout_caves
Slime:3:  layout_caves
Slime:4:  layout_caves
Slime:5
Orc:1:    layout_caves, nicolae_orc_rockfall
Orc:2:    grunt_orc_cross, layout_caves, uniq_josephine
Elf:1:    layout_loops_cross, portal_desolation_entry_nicolae_nacl,
          serial_shops, shop, orc_legates
Elf:2:    elven_hall_of_blades_hangedman_original
          [nicolae_blade_entry_sentries_behind_glass], layout_loops_corners,
          serial_shops, nicolae_stop_n_shop_1
Elf:3:    grunt_elf_hall_spiral, layout_rooms, serial_shops, nicolae_shop_trees,
          ebering_ghost_reflecting_pool, minivault_19,
          nicolae_shop_i_like_small_books_too
Vaults:1: v_misc_16, grunt_vaults_hallway_long, v_rooms_1, vaults_mumra_chevron,
          nicolae_vaults_tetromino_Z_2, nicolae_vaults_layer_cake_slice,
          st_cross, nicolae_vaults_heart-shaped_vault,
          nicolae_vaults_surprise_closet, nicolae_vaults_heart-shaped_vault,
          nicolae_vaults_surprise_closet, layout_vaults_omnigrid, uniq_nikola
Vaults:2: nicolae_vaults_stand_back, ontoclasm_vaults_spin,
          nicolae_vaults_little_squares_1, nicolae_vaults_stairing_the_circle,
          nicolae_vaults_tetromino_L_1, nicolae_vaults_closet_pinwheel_4,
          nicolae_vaults_ninety_degrees, nicolae_vaults_network_periphery,
          v_rooms_4, layout_vaults_omnibox, enter_trove_5
Vaults:3: nicolae_vaults_tetromino_T_1, minmay_crypt_entry_simple_corners,
          nicolae_vaults_asterisk, vaults_room_stairs_pillars,
          nicolae_vaults_diamond_2, nicolae_vaults_little_squares_3, v_misc_33,
          vaults_room_ringed_pool, nicolae_vaults_little_squares_4,
          nicolae_vaults_angled_halls, v_alt_pattern_2, vaults_room_grid,
          nicolae_vaults_tangram_2, ontoclasm_vaults_loading_screen,
          ontoclasm_vaults_misaligned, nicolae_vaults_offset_grid_hallway_1,
          layout_vaults_maze_bifur
Vaults:4: nicolae_vaults_storage_closets_3, vaults_room_boxed,
          nicolae_vaults_circle_grid_b, v_misc_15, hangedman_vaults_stagger,
          vaults_room_octagon, vaults_standard_mumra_x, v_rooms_2,
          nicolae_vaults_alarming, nicolae_vaults_shelves_hall, v_alt_pattern_1,
          vaults_dpeg_encased_lava, layout_vaults_ring, uniq_mara
Vaults:5: serial_shops
Crypt:1:  layout_gridlike, grunt_ministairs_7, grunt_crypt_arrival_webbed
Crypt:2:  cheibrodos_crypt_cold_storage, layout_misc_corridors,
          item_on_display_a, uniq_jory
Crypt:3:  david_glass_crypt, layout_chaotic_city,
          nicolae_tomb_entry_rubble_hallway, st_shrine_of_skulls
Depths:1: minmay_the_grid_plus [minmay_the_grid_armoury,
          minmay_the_grid_spin_star, minmay_the_grid_dragon_b,
          minmay_the_grid_eight, minmay_the_grid_prize_shrinking_boxes],
          layout_long_grid, pan_entry, hell_entry, grunt_dithmenos_smoke,
          minmay_shop_grove
Depths:2: gammafunk_sealed_arena, layout_cave_pools, serial_shops,
          nicolae_shop_tiny_real_fake_doors, nicolae_shop_stone,
          patterned_corridor, grunt_hell_horde, grunt_pan_entry_zigzag
Depths:3: grunt_double_whammy, layout_basic, enter_ziggurat_e,
          hangedman_abyss_entry_splay, hell_entry, serial_shops,
          nicolae_lakefront_shop, lemuel_old_faithful
Depths:4: evilmike_zot_entry_basic, layout_gridlike, serial_shops,
          nicolae_shop_mannequins, hell_entry, minmay_room_of_horrors
Hell
Geh:1:    layout_gehenna_pools_basic, nicolae_geh_fiery_graves
          [nicolae_geh_single_fiery_grave, nicolae_geh_single_fiery_grave,
          nicolae_geh_single_fiery_grave, nicolae_geh_single_fiery_grave,
          nicolae_geh_single_fiery_grave, nicolae_geh_single_fiery_grave,
          nicolae_geh_single_fiery_grave, nicolae_geh_single_fiery_grave,
          nicolae_geh_single_fiery_grave]
Geh:2:    layout_gehenna_pools_box, lemuel_hellion_isle
Geh:3:    layout_gehenna_lava_caves
Geh:4:    layout_gehenna_pools_triple
Geh:5:    layout_gehenna_lava_caves
Geh:6:    layout_gehenna_pools_box
Geh:7:    evilmike_geh
Coc:1:    layout_ice_bergs, nicolae_coc_melting_block
Coc:2:    nicolae_hells_giants_party, layout_ice_bergs
Coc:3:    layout_cocytus_water_paths
Coc:4:    layout_cocytus_water_paths
Coc:5:    layout_cocytus_water_paths
Coc:6:    nicolae_coc_bergin, layout_cocytus_water_paths
Coc:7:    coc_dpeg

Skill      XL: |  1  2  3  4  5  6  7  8  9 10 11 12 13 14 15 16 17 18 19 20 21 22 23 24 25 26 27 |
---------------+----------------------------------------------------------------------------------+-----
Unarmed Combat | 1 2 3 4 6 7 9 12 15 18 21 27 | 27.0
Fighting       | 1 2 3 4 5 9 10 11 12 14 18 20 | 20.0
Poison Magic   | 6 8 9 |  9.9
Spellcasting   | 5 8 |  8.0
Invocations    | 10 15 18 20 22 27 | 27.0
Armour         | 1 9 10 12 15 | 15.0
Dodging        | 9 10 | 10.0
Shields        | 7 12 | 12.0
Evocations     | 6 7 13 | 13.8
Translocations | 10 | 10.0
Stealth        | |  2.4
Transmutations | |  1.0

Action                     |  1- 3 |  4- 6 |  7- 9 | 10-12 | 13-15 | 16-18 | 19-21 | 22-24 | 25-27 || total
---------------------------+-------+-------+-------+-------+-------+-------+-------+-------+-------++-------
  Melee: Unarmed           |    97 |   168 |   334 |   391 |  1004 |  2188 |  1330 |  2127 |  4064 || 11703
         Bite              |    28 |    52 |   104 |   139 |   371 |   909 |   739 |  1299 |  2325 ||  5966
         Punch             |     1 |     3 |    21 |    39 |   108 |    22 |       |       |       ||   194
   Cast: Sting             |    28 |    24 |    19 |     1 |       |       |       |       |       ||    72
         Olgreb's Toxic Ra |       |       |     3 |    69 |   100 |     5 |    10 |       |       ||   187
         Poisonous Vapours |       |       |       |     8 |    24 |       |       |       |       ||    32
 Invoke: Vitalisation      |       |       |       |       |     9 |     3 |       |       |     6 ||    18
         Sanctuary         |       |       |       |       |     1 |     2 |     1 |     1 |     9 ||    14
         Recite            |       |       |       |       |       |     1 |     3 |     2 |    14 ||    20
         Imprison          |       |       |       |       |       |       |       |       |     1 ||     1
  Evoke: Wand              |       |       |       |     3 |     2 |    10 |     1 |     8 |    10 ||    34
         Phial of floods   |       |       |       |       |       |       |       |     1 |     1 ||     2
    Use: Scroll            |       |       |     1 |    26 |    18 |    12 |     4 |    10 |    16 ||    87
         Potion            |       |       |       |     2 |       |     3 |     3 |     6 |     7 ||    21
   Stab: Sleeping          |     1 |       |     1 |     1 |       |       |       |       |       ||     3
         Distracted        |       |       |       |     2 |       |       |       |       |     1 ||     3
         Confused          |       |       |       |       |       |       |       |       |     3 ||     3
 Armour: Robe              |     5 |       |       |       |       |       |       |       |       ||     5
         Ring mail         |    30 |    91 |   114 |   123 |   622 |    11 |       |       |       ||   991
         Chain mail        |       |       |       |       |       |   842 |       |       |       ||   842
         Plate armour      |       |       |       |       |       |    31 |   415 |   714 |    14 ||  1174
         Crystal plate arm |       |       |       |       |       |       |       |       |  2650 ||  2650
  Dodge: Dodged            |    63 |    98 |   199 |   245 |   693 |  1138 |   635 |   804 |  2271 ||  6146
  Block: Buckler           |       |       |       |       |       |    83 |       |       |  1423 ||  1506
         Kite shield       |       |       |       |       |       |  1039 |   910 |  1349 |   465 ||  3763
